 Dungeon Crawl Stone Soup version 0.21-a0-207-g4a9efaf (webtiles) character file.

1165 tehllama the Insei (level 8, -3/79 HPs)
             Began as an Octopode Transmuter on Aug 20, 2017.
             Was an Initiate of Cheibriados.
             Killed from afar by a white imp (9 damage)
             ... with a puff of frost
             ... summoned by lunkers's ghost
             ... on level 6 of the Dungeon.
             The game lasted 00:14:55 (6727 turns).

tehllama the Insei (Octopode Transmuter)            Turns: 6727, Time: 00:14:57

Health: -3/79      AC: 31    Str: 17      XL:     8   Next: 40%
Magic:  12/12      EV:  2    Int: 16      God:    Cheibriados [......]
Gold:   216        SH:  0    Dex: 13 (14) Spells: 3/13 levels left

rFire    . . .     SeeInvis .   y - +7 mace "Conservator" {protect, +Rage Stlth+}
rCold    . . .     Gourm    .   (no shield)
rNeg     + + +     Faith    .   (helmet currently unavailable)
rPois    +         Spirit   .   (no amulet)
rElec    .         Reflect  .   n - ring of positive energy
rCorr    .         Harm     .   (no ring)
MR       .....     NoTele   +   (no ring)
Stlth    ++++......             (no ring)
HPRegen  0.23/turn              (no ring)
MPRegen  0.13/turn              (no ring)
                                (no ring)
                                (no ring)

@: mighty, tree-form (expiring), protection aura, very slow
A: almost no armour, stealthy swim, (amphibious), 8 rings, (constrict 8)
a: Bend Time, Renounce Religion, Evoke Berserk Rage


You were on level 6 of the Dungeon.
You worshipped Cheibriados.
Cheibriados was noncommittal.
You were very hungry.
You were a tree.
You visited 2 branches of the dungeon, and saw 7 of its levels.

You collected 366 gold pieces.
You spent 150 gold pieces at shops.

Inventory:

Hand Weapons
 y - the +7 mace "Conservator" (weapon) {protect, +Rage Stlth+}
   (You found it on level 5 of the Dungeon)

   It protects the one who uses it against injury (+AC on strike).
   It lets you go berserk.
   It makes you more stealthy.
Missiles
 a - 28 arrows
 v - 8 javelins of penetration (quivered)
Jewellery
 n - a ring of positive energy (left branch)
 A - a +5 ring of dexterity {unknown}
Wands
 k - a wand of acid (5/15)
 r - a wand of confusion (22/48)
 u - a wand of enslavement (18/24)
Scrolls
 d - 5 scrolls of remove curse
 e - 2 scrolls of magic mapping
 h - 2 scrolls of immolation
 i - 2 scrolls of blinking
 q - a scroll of fear {unknown}
 t - a scroll of enchant armour {unknown}
 w - 2 scrolls of summoning {unknown}
 D - a scroll of identify
 E - a scroll of recharging {unknown}
 F - a scroll of noise {unknown}
Potions
 l - a potion of haste
 m - 2 potions of mutation
Books
 b - a book of Changes

   Spells                             Type                      Level
   a - Beastly Appendage              Transmutation                1
   b - Sticks to Snakes               Transmutation                2
   c - Spider Form                    Transmutation/Poison         3
   d - Ice Form                       Ice/Transmutation            4
   e - Blade Hands                    Transmutation                5
Comestibles
 c - 3 bread rations
 f - a royal jelly
 g - 2 meat rations
 z - 5 fruits


   Skills:
 + Level 3.6 Fighting
 + Level 2.9 Dodging
 + Level 5.3 Stealth
 * Level 6.5 Unarmed Combat
 + Level 3.0 Spellcasting
 * Level 3.9 Transmutations
 + Level 1.3 Ice Magic
 + Level 2.5 Poison Magic


You had 3 spell levels left.
You knew the following spells:

 Your Spells              Type           Power        Failure   Level  Hunger
a - Beastly Appendage     Tmut           ##....       3%          1    #......
b - Sticks to Snakes      Tmut           ##......     5%          2    ##.....
c - Spider Form           Tmut/Pois      ##........   16%         3    ###....
d - Ice Form              Ice/Tmut       ##......     54%         4    #####..


Dungeon Overview and Level Annotations

Branches:
Dungeon (6/15)             Temple (1/1) D:6

Altars:
Ashenzari
Cheibriados
Dithmenos
Elyvilon
Fedhas
Hepliaklqana
Kikubaaqudgha
Makhleb
Nemelex Xobeh
Okawaru
Ru
Sif Muna
Trog
Uskayaw
Wu Jian
Xom
Yredelemnul
Zin

Shops:
D:4 !

Annotations:
D:6 lunkers's ghost, novice BaSu


Innate Abilities, Weirdness & Mutations

You cannot wear most types of armour.
You are very stealthy in the water. (Stealth+)
((You are amphibious.))
You can wear up to eight rings at the same time.
((You can use your tentacles to constrict eight enemies at once.))
((Your skin changes colour to match your surroundings (Stealth+).))
((Your rubbery body absorbs attacks. (AC +1, EV +1)))


Message History

You sock lunkers's ghost!
Lunkers's ghost is heavily damaged.
Lunkers's ghost hits you.
* * * LOW HITPOINT WARNING * * *
The white imp hits you but does no damage.
You hit lunkers's ghost but do no damage.
Lunkers's ghost is heavily damaged.
Lunkers's ghost mumbles some strange words.
The white imp gestures at you. The puff of frost hits you!
Lunkers's ghost hits you but does no damage.
The white imp hits you but does no damage.
You barely miss lunkers's ghost.
Lunkers's ghost is heavily damaged.
Lunkers's ghost hits you but does no damage.
You are electrocuted!
* * * LOW HITPOINT WARNING * * *
The white imp gestures at you. The puff of frost hits you!
You die...

# ####.# #.##. #####.#
#.##. #...r.# #.##.
#.###.# #.# # #.# #.# #5#
#.# #r# .. #W# #.# #♣# #.#
#5# ###.### #.# #.....#
#.# #####.....# #####.###
#.......... ##.
........####.###.....# ..
.............###.....#
#.#######...#.............
# #...# ##.##.########.###


You could see lunkers's ghost, a river rat (wandering), a white imp, a shadow
imp and a rat.

Vanquished Creatures
  Grinder (D:6)
  An ice beast (D:5)
  An ogre (D:4)
  A centaur (D:5)
  A scorpion (D:4)
  A howler monkey (D:4)
  2 crimson imps
  A quasit (D:6)
  A bullfrog zombie (D:5)
  A hound (D:6)
  A bullfrog skeleton (D:4)
  An iguana (D:6)
  2 orc wizards
  4 worker ants
  A howler monkey skeleton (D:3)
  3 gnolls (D:4)
  8 adders
  2 shadow imps (D:5)
  An ooze (D:3)
  An adder zombie (D:5)
  6 worms
  2 dart slugs
  2 leopard geckos
  22 orcs
  8 giant cockroaches
  9 goblins
  6 hobgoblins
  3 jackals (D:3)
  6 kobolds
  2 quokkas
  A ball python (D:2)
  9 bats
  5 frilled lizards
  A leopard gecko skeleton (D:4)
  2 quokka zombies (D:5)
  3 rats (D:2)
122 creatures vanquished.

Notes
Turn   | Place    | Note
-------+----------+-------------------------------------------
     0 | D:1      | tehllama the Octopode Transmuter began the quest for the Orb.
     0 | D:1      | Reached XP level 1. HP: 13/13 MP: 3/3
    83 | D:1      | Reached XP level 2. HP: 15/18 MP: 5/5
   536 | D:1      | Reached skill level 4 in Unarmed Combat
   631 | D:1      | Reached XP level 3. HP: 23/23 MP: 6/6
   682 | D:2      | Found a faded altar of an unknown god.
   736 | D:2      | Reached skill level 1 in Stealth
  1042 | D:2      | Found a sacrificial altar of Ru.
  1043 | D:2      | Found a sparkling altar of Nemelex Xobeh.
  1145 | D:2      | Reached XP level 4. HP: 24/29 MP: 7/7
  2228 | D:3      | Reached XP level 5. HP: 34/34 MP: 8/8
  3369 | D:4      | Reached skill level 5 in Unarmed Combat
  3500 | D:4      | Reached XP level 6. HP: 25/41 MP: 9/9
  3781 | D:4      | Learned a level 2 spell: Sticks to Snakes
  3836 | D:3      | Learned a level 3 spell: Spider Form
  3969 | D:4      | Found Xuaryk's Distillery.
  4222 | D:4      | Bought a potion of lignification for 30 gold pieces
  4222 | D:4      | Bought a potion of degeneration for 10 gold pieces
  4222 | D:4      | Bought a potion of mutation for 80 gold pieces
  4222 | D:4      | Bought a potion of curing for 30 gold pieces
  4422 | D:4      | Found an iron altar of Okawaru.
  4567 | D:4      | Reached skill level 1 in Poison Magic
  4567 | D:4      | Reached XP level 7. HP: 39/46 MP: 7/10
  4867 | D:4      | Found an ornate altar of the Wu Jian Council.
  4869 | D:4      | Found a shattered altar of Ashenzari.
  4939 | D:5      | Entered Level 5 of the Dungeon
  5291 | D:5      | Learned a level 4 spell: Ice Form
  5530 | D:5      | Reached skill level 6 in Unarmed Combat
  5813 | D:5      | Got a translucent mace
  5814 | D:5      | Identified the +7 mace "Conservator" {protect, +Rage Stlth+} (You found it on level 5 of the Dungeon)
  5852 | D:5      | Reached skill level 5 in Stealth
  6087 | D:6      | Reached XP level 8. HP: 48/52 MP: 8/12
  6088 | D:6      | Found a staircase to the Ecumenical Temple.
  6103 | D:6      | Reached skill level 1 in Ice Magic
  6109 | Temple   | Entered the Ecumenical Temple
  6300 | Temple   | Became a worshipper of Cheibriados the Contemplative
  6504 | D:6      | Noticed Grinder
  6512 | D:6      | Paralysed by Grinder for 5 turns
  6515 | D:6      | Killed Grinder
  6645 | D:6      | Noticed lunkers's ghost (novice BaSu)
  6727 | D:6      | Killed from afar by a white imp

Vault maps used:
D:1:      eino_arrival_cavern_e
D:2:      minitemple, chequers_ecumenical_altar_simple_redux, first_bread
D:3:      wad_woods_pond
D:4:      nicolae_overflow_hidden_temple, serial_shops, nicolae_shop_waterfront,
          minmay_misc_feat_roman
D:6:      minmay_temple_entry_junction, minmay_misc_feat_enclosed, uniq_grinder
Temple:   oiseaux_autumnal_temple

Skill      XL: |  1  2  3  4  5  6  7  8 |
---------------+-------------------------+-----
Unarmed Combat | 4 5 6 |  6.5
Stealth        | 1 2 3 4 5 |  5.3
Fighting       | 2 3 |  3.6
Poison Magic   | 1 2 |  2.5
Transmutations | 3 |  3.9
Ice Magic      | 1 |  1.3
Spellcasting   | 3 |  3.0
Dodging        | |  2.9

Action                   |  1- 3 |  4- 6 |  7- 9 || total
-------------------------+-------+-------+-------++-------
Melee: Unarmed           |    70 |   154 |    87 ||   311
       Constrict         |    20 |    37 |    15 ||    72
       Tentacles         |    11 |    25 |    11 ||    47
       Kick              |     3 |    25 |     8 ||    36
       Punch             |     1 |     3 |     1 ||     5
       Mace              |       |       |    43 ||    43
 Cast: Beastly Appendage |     8 |    20 |     7 ||    35
       Spider Form       |       |     3 |     9 ||    12
       Sticks to Snakes  |       |       |     3 ||     3
  Use: Scroll            |       |       |     6 ||     6
       Potion            |       |       |    10 ||    10
 Stab: Sleeping          |     5 |    14 |     3 ||    22
  Eat: Chunk             |       |    12 |     8 ||    20
Armor: Skin              |     8 |     1 |    44 ||    53
Dodge: Dodged            |    51 |    75 |    99 ||   225
